 Dungeon Crawl Stone Soup version 0.31-a0-234-gad7ace16ef (webtiles) character file.

Game seed: 3033242832033083389

35 qw the Shooter (level 3, -7/29 HPs)
             Began as a Minotaur Hexslinger on July 9, 2023.
             Mangled by a gnoll
             ... wielding a +4 flail
             ... led by a gnoll bouda
              (10 damage)
             ... on level 3 of the Dungeon.
             The game lasted 00:00:22 (1405 turns).

qw the Shooter (Minotaur Hexslinger)                Turns: 1405, Time: 00:00:23

Health: -7/29      AC:  2    Str: 12    XL:     3   Next: 17%
Magic:  3/3        EV: 12    Int: 10    God:
Gold:   76         SH:  0    Dex: 14    Spells: 3/4 levels left

rFire   . . .        Y - +1 sling
rCold   . . .        (no shield)
rNeg    . . .        c - +0 robe
rPois   .            (helmet restricted)
rElec   .            (no cloak)
rCorr   .            (no gloves)
SInv    .            (no boots)
Will    .....        (no amulet)
Stlth   +            (no ring)
HPRegen 0.24/turn    (no ring)
MPRegen 0.08/turn

%: no passive effects
@: no status effects
A: horns 2, retaliatory headbutt
a: no special abilities


You were on level 3 of the Dungeon.
You visited 1 branch of the dungeon, and saw 3 of its levels.

You collected 76 gold pieces.


Innate Abilities, Weirdness & Mutations

You have a pair of horns on your head.
You reflexively headbutt those who attack you in melee.


   Skills:
 - Level 2.0 Fighting
 + Level 3.7 Ranged Weapons
 - Level 2.1 Dodging
 - Level 1.0 Spellcasting
 - Level 2.0 Hexes


You had 3 spell levels left.
You knew the following spells:

 Your Spells              Type           Power      Damage    Failure   Level
a - Slow                  Hex            16%        N/A       16%         1

Your spell library contained the following spells:

 Spells                   Type           Power      Damage    Failure   Level
 Inner Flame              Hex/Fire       2%         N/A       56%         3
 Portal Projectile        Hex/Tloc       4%         N/A       56%         3
 Cause Fear               Hex            2%         N/A       83%         4

Inventory:

Hand Weapons
 Y - a +1 sling (weapon)
Armour
 c - a +0 robe (worn)
Potions
 a - a potion of enlightenment {unknown}
 b - a potion of haste {unknown}

Dungeon Overview and Level Annotations

Branches:
Dungeon (3/15)

Altars:
Fedhas


Message History

The gnoll shouts!
You shoot a sling bullet. The sling bullet hits the gnoll.
The gnoll is lightly wounded.
You shoot a sling bullet. The sling bullet hits the gnoll.
The gnoll is heavily wounded.
You shoot a sling bullet.
The sling bullet hits the gnoll but does no damage.
The gnoll is heavily wounded.
An endoplasm comes into view.
A gnoll comes into view. It is wielding a +0 spear.
You shoot a sling bullet.
The sling bullet closely misses the gnoll.
The endoplasm quivers.
The gnoll shouts!
You shoot a sling bullet. The sling bullet hits the gnoll.
The gnoll is severely wounded.
The gnoll hits you with a +4 flail! The gnoll closely misses you.
You furiously retaliate!
You headbutt the gnoll.
You kill the gnoll!
A gnoll bouda comes into view. It is wielding a +0 whip.
The gnoll hits you with a +4 flail.
The gnoll bouda moves out of view.
You have reached level 3!
Your experience leads to an increase in your attributes!
Increase (S)trength, (I)ntelligence, or (D)exterity?
You feel agile. x2
You shoot a sling bullet. The sling bullet hits the gnoll.
The gnoll is moderately wounded.
The gnoll closely misses you.
You shoot a sling bullet. The sling bullet hits the gnoll.
The gnoll is heavily wounded.
A kobold comes into view. It is wielding a +0 short sword.
The gnoll hits you with a +4 flail!
You shoot a sling bullet.
The sling bullet barely misses the gnoll.
The kobold shouts!
The sling bullet hits the endoplasm.
The endoplasm is almost dead.
You hear a shout!
The gnoll hits you with a +4 flail!
You die...

#.~.#._.#¤¤......#
#.~.#...#¤¤¤.....#
#.~.#.###.¤¤.....#
#.........¤¤.....#####
#.~~¤~~~~~~..........#
#....................#
#.#.#####............#
#...# #....###.....#
###.# #...@# #######
#.# #..Jg# #.# #..g.#
#.# #....# #.# #....#
.>. .....$ .#..K.#
..#....#


You could see 2 gnolls, an endoplasm and a kobold.

Vanquished Creatures
  A gnoll (D:3)
  2 dart slugs (D:2)
  2 ball pythons (D:1)
  A bat (D:1)
  An endoplasm (D:3)
  3 jackals (D:1)
  A kobold (D:2)
  A quokka (D:2)
  4 goblins
  4 rats
20 creatures vanquished.

Notes
Turn   | Place    | Note
-------+----------+-------------------------------------------
     0 | D:1      | qw the Minotaur Hexslinger began the quest for the Orb.
     0 | D:1      | Reached XP level 1. HP: 16/16 MP: 1/1
     0 | D:1      | 0 ||| qw: Version: 0.3-a-51-g015441d
     0 | D:1      | 0 ||| qw: Game counter: 4055
     0 | D:1      | 0 ||| qw: Melee chars always use a shield: true
     0 | D:1      | 0 ||| qw: God list: Okawaru
     0 | D:1      | 0 ||| qw: Allow faded altars: false
     0 | D:1      | 0 ||| qw: Do Orc after clearing Dungeon:15 true
     0 | D:1      | 0 ||| qw: Do second Lair branch before Depths: true
     0 | D:1      | 0 ||| qw: Lair rune preference: random
     0 | D:1      | 0 ||| qw: Goals: Normal
     0 | D:1      | 0 ||| PLANNING D:1-11
   300 | D:1      | Reached skill level 3 in Ranged Weapons
   304 | D:1      | Reached XP level 2. HP: 23/23 MP: 2/2
   738 | D:1      | 738 ||| READING scroll labelled VIHUDW ACZENG.
   739 | D:1      | 739 ||| DRINKING 2 silvery potions.
   740 | D:1      | 740 ||| DROPPING scroll of poison.
   741 | D:1      | 741 ||| DROPPING potion of invisibility.
   860 | D:2      | Found a faded altar of an unknown god.
  1028 | D:2      | 1028 ||| FLEEEEING.
  1029 | D:2      | 1029 ||| FLEEEEING.
  1328 | D:2      | 1328 ||| READING scroll labelled LIFREBLUPS.
  1352 | D:3      | Found a blossoming altar of Fedhas.
  1403 | D:3      | Reached XP level 3. HP: 10/29 MP: 3/3
  1404 | D:3      | HP: 3/29 [gnoll/+4 flail[a gnoll bouda] (8)]
  1405 | D:3      | Mangled by a gnoll

Levels and vault maps discovered:
D:1:      amcnicky_arrival_single_pillar, layout_basic, grunt_decor_junction,
          solitary_fountain, minmay_stone_trees_medium, minmay_gold_behind_fungi
D:2:      layout_loops_ring, shapermc_ecumenical_altar_gd
D:3:      layout_basic, mainiacjoe_overflow_brackets, serial_shops, shop,
          nrook_loot_triangle

Skill      XL: |  1  2 |
---------------+-------+-----
Ranged Weapons | 3 |  3.7
Fighting       | 2 |  2.0
Dodging        | |  2.1
Spellcasting   | |  1.0
Hexes          | |  2.0

Action                     || total
---------------------------++-------
   Fire: Sling             ||    63
    Use: Scroll            ||     2
         Potion            ||     1
 Armour: Robe              ||     2
  Dodge: Dodged            ||    11

Table legend:
 A = Non-vault XP
 B = Vault XP
 C = Vault XP percentage of total XP
 D = Non-vault monster count
 E = Vault monster count
 F = Vault count percentage of total count
                 A         B        C        D         E       F
            +---------+---------+-------+---------+---------+-------
      Total |      51 |       0 |   0.0 |      20 |       0 |   0.0
            +---------+---------+-------+---------+---------+-------
        D:1 |      14 |       0 |   0.0 |       8 |       0 |   0.0
        D:2 |      21 |       0 |   0.0 |      10 |       0 |   0.0
        D:3 |      16 |       0 |   0.0 |       2 |       0 |   0.0
            +---------+---------+-------+---------+---------+-------
